 Dungeon Crawl Stone Soup version 0.29-a0-824-gd827844252 (webtiles) character file.

Game seed: 15295252846698965947

390 Nato the Grave Robber (level 6, -4/59 HPs)
             Began as a Troll Necromancer on July 10, 2022.
             Slain by an acid dragon (9 damage)
             ... on level 5 of the Dungeon.
             The game lasted 00:08:21 (4151 turns).

Nato the Grave Robber (Troll Necromancer)           Turns: 4151, Time: 00:08:22

Health: -4/59      AC:  0    Str: 19    XL:     6   Next: 50%
Magic:  6/6        EV: 10    Int: 11    God:
Gold:   220        SH:  5    Dex: 10    Spells: 6/7 levels left

rFire   . . .      SeeInvis .     - Unarmed
rCold   . . .      Faith    .   (no shield)
rNeg    . . .      Spirit   .   a - +0 robe
rPois   .          Reflect  +   (helmet restricted)
rElec   .          Harm     .   (no cloak)
rCorr   .          Rampage  .   (gloves unavailable)
Will    .....                   (boots unavailable)
Stlth   +.........              r - amulet of reflection
HPRegen 0.99/turn               c - ring of wizardry
MPRegen 0.10/turn               (no ring)

@: corroded
A: large, unfitting armour, claws 3, regeneration 1, shaggy fur 1, tough skin 1
a: no special abilities


You were on level 5 of the Dungeon.
You visited 1 branch of the dungeon, and saw 5 of its levels.

You collected 220 gold pieces.

Inventory:

Hand Weapons
 w - a +0 longbow
Armour
 a - a +0 robe (worn)
 x - a +0 chain mail
Jewellery
 c - a ring of wizardry (left claw)
 r - an amulet of reflection (around neck)
Wands
 s - a wand of roots (10) (quivered)
Scrolls
 d - 2 scrolls of vulnerability {unknown}
 e - 3 scrolls of noise {unknown}
 f - a scroll of fear {unknown}
 h - 4 scrolls of poison {unknown}
 j - 2 scrolls of teleportation {unknown}
 k - 6 scrolls of identify {unknown}
 l - 2 scrolls of enchant armour {unknown}
 m - a scroll of magic mapping {unknown}
 n - a scroll of silence {unknown}
 p - a scroll of summoning {unknown}
 t - a scroll of immolation {unknown}
 y - a scroll of amnesia {unknown}
 A - a scroll of torment {unknown}
Potions
 b - a potion of magic
 g - a potion of curing {unknown}
 i - a potion of ambrosia {unknown}
 o - a potion of degeneration {unknown}
 q - a potion of mutation {unknown}
 u - a potion of heal wounds {unknown}
 v - a potion of brilliance {unknown}
 z - a potion of cancellation {unknown}
 B - 2 potions of lignification {unknown}


   Skills:
 + Level 2.5 Fighting
 + Level 2.5 Armour
 + Level 3.1 Dodging
 - Level 1.0 Stealth
 + Level 3.1 Unarmed Combat
 - Level 1.2 Spellcasting
 - Level 3.2 Necromancy


You had 6 spell levels left.
You knew the following spells:

 Your Spells              Type           Power      Damage    Failure   Level
a - Necrotise             Necr           28%        1d5       3%          1

Your spell library contained the following spells:

 Spells                   Type           Power      Damage    Failure   Level
 Vampiric Draining        Necr           7%         2d6       10%         3
 Static Discharge         Conj/Air       0%         3-3/arc   19%         2
 Animate Dead             Necr           7%         N/A       32%         4
 Dispel Undead            Necr           7%         3d8       32%         4
 Agony                    Necr           7%         N/A       63%         5
 Sticky Flame             Conj/Fire      0%         2d3       75%         4


Dungeon Overview and Level Annotations

Branches:
Dungeon (5/15)
 Temple: D:4-7

Altars:
Dithmenos
Hepliaklqana
Trog
The Shining One


Innate Abilities, Weirdness & Mutations

You are too large for most types of armour.
You have claws for hands.
Your natural rate of healing is unusually fast.
You are covered in fur. (AC +1)
You have tough skin. (AC +1)


Message History

Press: ? - help, Dir - move target, f - you
Okay, then.
Attack: -) Claws
Press: ? - help, Dir - move target, f - you
Okay, then.
Found 13 gold pieces.
You claw the acid dragon!
The acid dragon is moderately wounded.
The acid dragon spits acid at you. The splash of acid misses you.
You barely miss the acid dragon.
The acid dragon is moderately wounded.
You block the acid dragon's attack. The acid dragon claws you.
You barely miss the acid dragon.
The acid dragon is moderately wounded.
The acid dragon bites you. The acid dragon barely misses you.
You barely miss the acid dragon.
The acid dragon is moderately wounded.
You scratch the acid dragon but do no damage.
The acid dragon is moderately wounded.
The acid dragon bites you! You block the acid dragon's attack.
You closely miss the acid dragon.
The acid dragon is moderately wounded.
The acid dragon bites you! The acid dragon barely misses you.
You scratch the acid dragon.
The acid dragon is heavily wounded.
You block the acid dragon's attack. The acid dragon claws you.
You closely miss the acid dragon. Your claw misses the acid dragon.
The acid dragon is heavily wounded.
The acid dragon bites you! The acid dragon barely misses you.
You scratch the acid dragon.
The acid dragon is heavily wounded.
The acid dragon spits acid at you. The splash of acid hits you!!
* * * LOW HITPOINT WARNING * * *
The acid corrodes you!
You completely miss the acid dragon.
The acid dragon is heavily wounded.
The acid dragon bites you!
You die...

.......#######
##...........#
.............#
..<..........#########
......................
..#...................
..#####.>....#.######.
..# ########.######..#
..# #..@D..?... ###
#..##.##..$ #######
#..# .# ......# #...
.. #####.## #..#. ..
#..# #..## .. ##.#
.... . #.# ..## #.##


You could see an acid dragon (catching breath).

Vanquished Creatures
  A black bear (D:5)
  A scorpion (D:5)
  3 jellies (D:5)
  2 iguanas (D:5)
  4 adders
  A worm (D:3)
  2 dart slugs
  An orc (D:3)
  4 bats (D:1)
  4 endoplasms
  4 giant cockroaches
  4 goblins
  4 hobgoblins
  8 jackals
  2 quokkas
  4 ball pythons
  6 kobolds
  8 rats
63 creatures vanquished.

Vanquished Creatures (others)
  A plant (D:2)
1 creature vanquished.

Grand Total: 64 creatures vanquished

Notes
Turn   | Place    | Note
-------+----------+-------------------------------------------
     0 | D:1      | Nato the Troll Necromancer began the quest for the Orb.
     0 | D:1      | Reached XP level 1. HP: 16/16 MP: 1/1
   218 | D:1      | Reached XP level 2. HP: 26/26 MP: 2/2
   690 | D:2      | Reached skill level 1 in Unarmed Combat
   728 | D:2      | Reached XP level 3. HP: 27/32 MP: 3/3
   746 | D:2      | Reached skill level 1 in Armour
   779 | D:2      | Reached skill level 1 in Fighting
  1477 | D:3      | Found a glowing golden altar of the Shining One.
  1483 | D:3      | Found a hazy altar of Hepliaklqana.
  1484 | D:3      | Found a bloodstained altar of Trog.
  1485 | D:3      | Found a shadowy altar of Dithmenos.
  1949 | D:3      | Reached XP level 4. HP: 39/41 MP: 4/4
  2785 | D:5      | Entered Level 5 of the Dungeon
  2812 | D:5      | Noticed a scorpion
  2826 | D:5      | Killed a scorpion
  2827 | D:5      | Reached XP level 5. HP: 43/49 MP: 5/5
  3525 | D:5      | Noticed a black bear
  3532 | D:5      | Killed a black bear
  3533 | D:5      | Reached XP level 6. HP: 49/57 MP: 4/6
  4139 | D:5      | Noticed an acid dragon
  4151 | D:5      | Slain by an acid dragon

Illustrated notes

Levels and vault maps discovered:
D:1:      evilmike_arrival_hilbert_curve, layout_loops_ring
D:2:      layout_loops_ring, serial_forest, infiniplex_forest_side_room,
          infiniplex_forest_clump_cross, infiniplex_forest_lined_room_2,
          infiniplex_forest_straight_3, infiniplex_forest_3_way,
          infiniplex_forest_fountain, infiniplex_forest_lined_room_3,
          infiniplex_forest_straight_3
D:3:      layout_basic, mainiacjoe_overflow_alcove_3
D:4:      layout_loops_ring, kennysheep_generic_room_12
D:5:      layout_basic, fedhas_altar_3, minmay_misc_feat_four_crosses,
          hangedman_decor_clover_reticule, serial_bayou_pond_d,
          nicolae_shop_sticking_my_neck_out, uniq_eustachio

Skill      XL: |  1  2  3  4  5  6 |
---------------+-------------------+-----
Unarmed Combat | 1 2 3 |  3.1
Armour         | 1 2 |  2.5
Dodging        | 2 3 |  3.1
Fighting       | 1 2 |  2.5
Stealth        | |  1.0
Spellcasting   | |  1.2
Necromancy     | |  3.2

Action                   |  1- 3 |  4- 6 || total
-------------------------+-------+-------++-------
Melee: Unarmed           |   134 |    81 ||   215
 Cast: Necrotise         |       |     4 ||     4
 Stab: Sleeping          |     3 |     1 ||     4
Armor: Robe              |    42 |    17 ||    59
Dodge: Dodged            |    55 |    27 ||    82
Block: Other             |       |    16 ||    16

Table legend: (Time is in decaauts)
 A = Elapsed time spent in this place.
 B = Non-inter-level travel time spent in this place.
 C = Inter-level travel time spent in this place.
 D = Time resting spent in this place.
 E = Time spent auto-exploring this place.
 F = Levels seen in this place.
 G = Mean time per level.
                   A        B        C        D        E       F      G
               +--------+--------+--------+--------+--------+-----+--------+
         Total |   4143 |   3891 |    252 |   1152 |   2257 |   5 |  828.6 |
       Dungeon |   4143 |   3891 |    252 |   1152 |   2257 |   5 |  828.6 |
               +--------+--------+--------+--------+--------+-----+--------+

Top non-repeatable levels by time:
     D:5: 1363 daAuts
     D:2: 767 daAuts
     D:1: 684 daAuts
     D:4: 674 daAuts
     D:3: 654 daAuts
